cohdb
Replays
Latest Replays
All Replays
Popular Replays
Top Player Replays
Match Explorer
How It Works
Community
CoH3 Stats
Reddit
Sign in to upload your games and track your stats! →
Sign in with Steam
Match 41696749
Unlisted
Match 41696749
Overview
Messages
Build Orders
End
Engineer Squad
Selects Special Operations Battlegroup
Selects M29 Weasel Recon Vehicle
M29 Weasel Recon Vehicle
Construct Weapon Support Center
M1919 Machine Gun Team
Bazooka Squad
Infantry Support Center
Selects Raiding Flares
M3 Armored Personnel Carrier
Bazooka Squad
Selects SSF Commando Squad
Construct Tank Depot
SSF Commando Squad
Improved M9 Bazooka Rockets
M4A1 Sherman Medium Tank
Raiding Flares
Advanced Logistics
Munitions Surplus
Survival Training
Selects P-47 Anti-Infantry Loiter
Selects UNKNOWN (2162291)
M4A1 Sherman Whizbang
P-47 Anti-Infantry Loiter
Selects Air Re-supply Operation
Raiding Flares
P-47 Anti-Infantry Loiter
SSF Commando Squad
TwistedTootsy
Stormless
Grunka Lunka
el campo
MaXiS
LilDick
0
0
Comments
sign in to comment!
No comments posted yet!